Map: Blueshift LE

Players

Subwaymaker - Winner!

  • Race: Protoss Protoss
  • League: Silver
  • Spawn Location: 1:00

Mesrob

  • Race: Terran Terran
  • Spawn Location: 7:00

VOD

Have the link to the VOD?

Description

Time

  • Played on: Jan. 9, 2019, 1:27 p.m.
  • Length: 18:09
Show
View Real Time Build Order
Export as new Build Order

Subwaymaker Protoss - Winner!

Build Orders: Phoenix Opening, Colossus Rush 

Get SALT Encoding   

  1  0:00  Probe  
  12  0:06  Probe  
  14  0:19  Pylon  
  14  0:25  Probe  
  15  0:41  Gateway  
  15  0:47  Probe  
  16  0:57  Assimilator, Probe  
  17  1:05  Probe  
  18  1:13  Probe  
  19  1:24  Pylon  
  19  1:25  Probe  
  20  1:28  Cybernetics Core  
  20  1:37  Probe  
  21  1:41  Assimilator  
  21  1:49  Probe  
  22  1:54  Zealot  
  22  2:00  Probe  
  24  2:08  Probe  
  26  2:16  Probe  
  27  2:24  Nexus  
  27  2:28  Pylon  
  27  2:37  Robotics Facility  
  27  2:38  Warp Gate  
  27  2:53  Probe  
  27  2:57  Sentry  
  30  3:03  Probe  
  31  3:11  Probe  
  31  3:14  Gateway  
  31  3:19  Probe  
  32  3:25  Stalker  
  35  3:31  Probe  
  35  3:32  Pylon  
  36  3:40  Observer  
  37  3:43  Probe  
  37  3:45  Phoenix  
  37  3:46  Robotics Bay  
  38  3:51  Probe  
  39  3:56  Assimilator, Probe  
  39  4:01  Assimilator  
  40  4:03  Probe  
  40  4:04  Pylon  
  40  4:08  Probe  
  42  4:22  Probe  
  42  4:23  Probe  
  43  4:29  Colossus  
  43  4:30  Probe  
  44  4:35  Probe  
  44  4:37  Stalker  
  44  4:38  Stalker  
  50  4:41  Probe  
  57  4:47  Probe  
  58  4:56  Shield Battery  
  58  4:59  Probe  
  59  5:02  Forge  
  59  5:15  Shield Battery, Stalker  
  59  5:16  Stalker  
  59  5:18  Colossus  
  59  5:20  Pylon  
  63  5:23  Gateway  
  63  5:33  Protoss Shields Level 1  
  69  5:37  Probe  
  69  5:40  Nexus  
  70  5:44  Pylon  
  70  5:46  Probe  
  70  5:49  Probe  
  72  5:52  Extended Thermal Lance  
  72  5:58  Probe  
  73  6:09  Pylon  
  73  6:12  Pylon  
  73  6:14  Stalker x2  
  77  6:22  Probe x2  
  79  6:29  Pylon  
  79  6:34  Probe x2, Photon Cannon  
  81  6:40  Stalker  
  81  6:46  Probe x2  
  85  6:51  Photon Cannon  
  85  6:58  Probe  
  86  7:07  Gateway  
  86  7:11  Gateway  
  86  7:13  Gateway  
  86  7:17  Gateway  
  86  7:18  Gateway  
  86  7:25  Photon Cannon  
  86  7:26  Colossus  
  92  7:36  Protoss Ground Armor Level 1  
  92  7:38  Twilight Council  
  92  7:41  Probe x3  
  95  7:47  Assimilator  
  95  7:51  Assimilator  
  95  7:53  Probe x2  
  95  7:54  Photon Cannon  
  95  7:55  Probe  
  95  7:56  Photon Cannon  
  95  7:58  Stalker x2, Shield Battery  
  102  8:03  Charge  
  102  8:05  Probe  
  103  8:18  Stalker  
  103  8:19  Stalker  
  107  8:21  Stalker  
  107  8:22  Stalker  
  111  8:31  Templar Archives  
  111  8:35  Probe x2  
  111  8:38  Pylon  
  113  8:43  Pylon  
  113  8:48  Sentry x2  
  115  8:52  Zealot  
  115  8:53  Zealot x2  
  115  8:54  Zealot  
  125  9:07  Pylon  
  125  9:10  Pylon  
  125  9:12  Pylon  
  125  9:15  Pylon  
  125  9:16  Pylon  
  125  9:19  Pylon  
  125  9:30  Stalker x2  
  129  9:32  Stalker, Nexus  
  129  9:34  Pylon  
  129  9:36  Psionic Storm  
  129  9:37  Pylon  
  131  9:39  Assimilator  
  131  9:44  Assimilator  
  131  9:55  Gateway x2  
  131  9:57  Gateway  
  131  10:00  Gateway x2  
  131  10:03  Gateway  
  114  10:24  Stalker x4  
  114  10:25  Stalker  
  114  10:26  Stalker x2  
  124  10:30  High Templar  
  124  10:33  Colossus  
  132  10:41  Protoss Ground Weapons Level 1  
  132  11:10  High Templar x4  
  132  11:11  High Templar x3  
  142  11:12  High Templar x3  
  142  11:13  High Templar x3  
  158  11:18  Archon  
  158  11:19  Archon  
  158  11:20  Archon  
  158  11:21  Archon  
  158  11:22  Archon  
  158  11:23  Archon  
  158  11:38  Zealot  
  158  11:39  Zealot  
  162  11:43  Zealot x3  
  162  11:44  Zealot x3  
  162  11:45  Zealot x2  
  162  11:46  Zealot x2  
  182  11:47  Zealot x2  
  186  11:56  Archon  
  186  12:02  Zealot x3  
  186  12:03  Zealot x3  
  186  12:04  Zealot  
  200  12:32  Protoss Ground Armor Level 2  
  200  12:58  Forge  
  200  13:34  Photon Cannon  
  200  13:36  Photon Cannon  
  200  13:38  Photon Cannon  
  200  13:40  Photon Cannon  
  200  13:43  Shield Battery  
  200  13:46  Shield Battery  
  184  14:13  Zealot  
  184  14:14  Zealot x2  
  184  14:16  Zealot  
  150  14:17  Zealot x3  
  150  14:18  Zealot x2  
  150  14:19  Zealot x2  
  150  14:20  Colossus  
  140  14:25  High Templar x3  
  102  14:42  Stalker  
  102  14:44  Stalker  
  100  14:46  Stalker  
  100  14:47  Stalker  
  100  14:48  Stalker x2  
  100  14:49  Stalker  
  100  14:50  Stalker x3  
  100  14:51  Stalker  
  118  14:53  Zealot  
  118  14:59  Zealot  
  122  15:00  Zealot x2  
  122  15:04  Sentry  
  122  15:06  Zealot x2  
  132  15:09  Protoss Ground Weapons Level 2  
  132  15:11  Protoss Shields Level 2  
  132  15:12  Zealot  
  132  15:13  Zealot, Colossus  
  132  15:14  Stalker x3  
  138  15:15  Stalker  
  138  15:16  Stalker  
  138  15:17  Stalker  
  154  15:21  Stalker  
  154  15:22  Stalker x2  
  148  15:45  Zealot x2  
  148  15:46  Zealot  
  148  15:48  Zealot  
  148  15:49  Zealot  
  137  15:51  Zealot x2  
  137  15:52  Zealot x3  
  137  15:53  Zealot x2  
  151  16:07  Colossus  
  157  16:14  Stalker x2  
  157  16:15  Stalker x2  
  157  16:16  Stalker  
  95  16:55  Zealot x3  
  95  16:56  Zealot x3  
  95  17:01  Colossus  
  107  17:22  Nexus  
  103  17:25  Pylon  
  103  17:28  Pylon  
  99  17:30  Pylon, Zealot x4  
  99  17:31  Zealot  
  99  17:32  Assimilator, Zealot x2  
  99  17:33  Stalker  
  99  17:34  Stalker x4  
  99  17:35  Assimilator, Stalker x2  
  125  17:59  Zealot x4  
  125  18:00  Zealot  
  125  18:02  High Templar x5  
  125  18:03  High Templar x3  
  141  18:05  Stalker  
Show
View Real Time Build Order
Export as new Build Order

Mesrob Terran 

Build Orders: 2 Factory 

Get SALT Encoding   

  12  0:01  SCV  
  13  0:13  SCV  
  14  0:18  Supply Depot  
  14  0:25  SCV  
  15  0:40  Barracks, SCV  
  16  0:50  Refinery  
  16  0:52  SCV  
  17  1:04  SCV  
  18  1:16  SCV  
  19  1:28  SCV  
  19  1:31  Marine  
  21  1:34  Supply Depot  
  21  1:49  Command Center  
  21  1:54  Orbital Command  
  21  2:06  Factory  
  21  2:10  Barracks Reactor  
  21  2:23  Bunker  
  21  2:35  SCV  
  22  2:47  SCV  
  23  2:55  Barracks Reactor  
  23  2:59  SCV  
  23  3:05  Hellion x2  
  28  3:07  Factory  
  28  3:11  SCV  
  29  3:14  Refinery  
  29  3:18  Orbital Command  
  29  3:23  SCV  
  29  3:25  Supply Depot  
  30  3:30  Supply Depot  
  32  3:34  Hellion  
  32  3:35  SCV  
  33  3:43  Armory  
  33  3:48  SCV  
  34  3:56  SCV  
  34  4:00  SCV  
  34  4:02  Hellion  
  38  4:08  SCV  
  39  4:12  SCV  
  40  4:27  Barracks Tech Lab  
  40  4:29  Factory  
  40  4:37  SCV x2  
  42  4:40  Refinery  
  42  4:46  Supply Depot  
  42  4:48  Marine  
  43  4:59  Hellbat  
  47  5:00  Hellbat  
  48  5:14  Factory  
  47  5:29  Factory Tech Lab  
  47  5:32  Barracks Tech Lab  
  47  5:34  Cyclone  
  50  5:36  Hellbat  
  52  5:46  SCV  
  52  5:47  Engineering Bay  
  53  5:55  Refinery, SCV  
  54  5:58  SCV  
  54  6:01  Command Center  
  55  6:06  Supply Depot  
  55  6:07  Factory Tech Lab, SCV  
  55  6:08  Cyclone  
  55  6:09  Cyclone  
  55  6:10  SCV  
  63  6:14  Hellion, Hellbat  
  67  6:21  SCV  
  67  6:22  SCV  
  69  6:28  Supply Depot  
  69  6:29  Supply Depot  
  69  6:32  Terran Infantry Weapons Level 1  
  69  6:33  SCV  
  69  6:35  Hellion  
  69  6:36  Hellbat  
  74  6:44  Terran Vehicle Weapons Level 1  
  74  6:52  Hellion, Supply Depot  
  74  6:53  Hellbat  
  80  6:54  Hellbat  
  80  6:57  Hellbat x2  
  84  7:13  Hellbat  
  86  7:16  Orbital Command  
  86  7:20  Cyclone x2  
  86  7:22  Hellbat x2  
  96  7:27  Supply Depot  
  96  7:35  Hellbat  
  98  7:43  Hellbat  
  100  7:44  Orbital Command  
  100  7:45  Command Center  
  100  7:49  Supply Depot  
  100  7:58  Supply Depot  
  100  8:01  Thor  
  100  8:02  Thor  
  100  8:04  Hellbat x2  
  116  8:09  SCV  
  116  8:10  SCV  
  118  8:13  Supply Depot  
  118  8:21  SCV  
  118  8:22  SCV  
  120  8:29  SCV  
  120  8:33  SCV  
  122  8:34  SCV  
  122  8:35  Supply Depot  
  122  8:37  Refinery  
  122  8:38  Terran Vehicle And Ship Armor Level 1  
  124  8:41  SCV  
  124  8:46  Supply Depot x2  
  124  8:58  Armory  
  124  8:59  Supply Depot  
  124  9:03  Refinery  
  124  9:08  Supply Depot, SCV  
  125  9:11  SCV x2  
  127  9:21  SCV  
  128  9:24  Supply Depot  
  128  9:25  Factory  
  128  9:31  Hellbat x2  
  132  9:32  Cyclone x3  
  132  9:33  Supply Depot  
  141  9:52  Hellion  
  143  9:54  Missile Turret  
  123  10:04  Cyclone x3  
  91  10:22  Hellbat x2  
  91  10:23  Hellbat x2  
  87  10:28  Missile Turret  
  87  10:36  Cyclone x3  
  87  10:40  SCV x2  
  87  10:41  SCV  
  99  10:44  Hellbat x3  
  105  10:52  SCV  
  106  10:57  Sensor Tower  
  106  11:07  Planetary Fortress  
  106  11:08  Refinery, Cyclone x3  
  115  11:14  Refinery  
  115  11:19  SCV  
  115  11:20  SCV x2  
  118  11:31  SCV  
  118  11:32  SCV x2  
  121  11:40  Siege Tank x2  
  121  11:43  SCV  
  121  11:44  SCV  
  129  11:48  Missile Turret  
  129  11:56  Cyclone  
  129  11:57  Hellbat x2  
  129  11:58  Hellbat x2  
  129  11:59  Mag-Field Accelerator  
  140  12:08  Missile Turret  
  140  12:12  Cyclone  
  140  12:13  Hellbat  
  145  12:17  Infernal Pre-Igniter  
  145  12:19  Hellbat x2, Hellion  
  151  12:24  Smart Servos  
  151  12:26  Missile Turret  
  151  12:28  Terran Vehicle Weapons Level 2, Thor  
  157  12:31  Supply Depot  
  157  12:34  Thor  
  163  12:44  Thor  
  163  12:46  Missile Turret  
  169  12:54  Supply Depot  
  169  12:55  Hellbat x4  
  175  13:08  Missile Turret  
  175  13:10  Thor  
  181  13:16  Hellbat x4, Thor  
  195  13:28  Missile Turret  
  195  13:37  Hellbat x2  
  199  13:47  Missile Turret  
  185  14:10  Missile Turret  
  125  14:27  Hellbat x4  
  125  14:28  Cyclone x3  
  112  14:33  Missile Turret  
  112  14:48  Hellbat x3  
  112  14:49  Hellbat  
  120  14:57  Command Center  
  120  15:00  Cyclone x3  
  129  15:10  Hellbat x4  
  137  15:31  Hellbat x4  
  137  15:32  Cyclone x3  
  103  15:52  Hellbat x2  
  103  15:53  Hellbat x2  
  99  16:00  Missile Turret  
  102  16:04  Cyclone x3  
  108  16:17  Hellbat x3  
  108  16:18  Hellbat  
  116  16:19  Missile Turret  
  89  16:36  Cyclone x3  
  89  16:38  Hellbat  
  89  16:39  Hellbat x3  
  74  17:00  Hellbat x3  
  77  17:02  Hellbat  
  77  17:08  Thor x3  
  91  17:21  Hellbat x2  
  91  17:22  Hellbat  
  85  17:23  Hellbat  
Tags
 
Add a new tag
Caveats
  • Supply blocks, unpowered buildings, or Contaminate may cause inaccurate times.
  • Supply counts are checked every 10 seconds.